 Dungeon Crawl Stone Soup version 0.30-a0-605-gb2882149bf (webtiles) character file.

Game seed: 15035434280602787007

863 acebull12 the Purveyor of Pain (level 7, -8/50 HPs)
             Began as a Demonspawn Necromancer on Jan 7, 2023.
             Was an Initiate of Kikubaaqudgha.
             Mangled by a gnoll sergeant
             ... wielding a +0 spear
              (10 damage)
             ... on level 5 of the Dungeon.
             The game lasted 00:18:36 (5382 turns).

acebull12 the Purveyor of Pain (DsNe)               Turns: 5382, Time: 00:18:36

Health: -8/50      AC:  9    Str:  9    XL:     7   Next: 72%
Magic:  9/13       EV: 13    Int: 18    God:    Kikubaaqudgha [......]
Gold:   196        SH:  0    Dex: 19    Spells: 13/14 levels left

rFire   . . .      SeeInvis .    d - +0 rapier
rCold   . . .      Faith    .    (no shield)
rNeg    . . .      Spirit   .    a - +0 robe
rPois   +          Reflect  .    j - +2 helmet
rElec   .          Harm     .    p - +0 cloak
rCorr   .          Rampage  .    (no gloves)
Will    .....                    g - +0 pair of boots
Stlth   ++                       (no amulet)
HPRegen 0.28/turn                r - +6 ring of dexterity
MPRegen 0.13/turn                v - ring of poison resistance

@: no status effects
A: slimy green scales 1, powered by pain 1, weakness stinger 2
a: Renounce Religion


You were on level 5 of the Dungeon.
You worshipped Kikubaaqudgha.
Kikubaaqudgha was noncommittal.
You visited 1 branch of the dungeon, and saw 6 of its levels.

You collected 196 gold pieces.

Inventory:

Hand Weapons
 d - a +0 rapier (weapon)
Missiles
 m - a throwing net
Armour
 a - a +0 robe (worn)
 g - a +0 pair of boots (worn)
 h - an orb of energy
 j - a +2 helmet (worn)
 p - a +0 cloak (worn)
Jewellery
 r - a +6 ring of dexterity (left hand)
 v - a ring of poison resistance (right hand)
Wands
 t - a wand of roots (13)
Scrolls
 c - 4 scrolls of identify {unknown}
 e - 3 scrolls of teleportation {unknown}
 f - a scroll of magic mapping {unknown}
 i - a scroll of vulnerability {unknown}
 l - a scroll of silence {unknown}
 n - 3 scrolls of noise {unknown}
 o - a scroll of summoning {unknown}
 q - a scroll of fog {unknown}
 u - a scroll of blinking {unknown}
 y - a scroll of fear {unknown}
 B - a scroll of brand weapon {unknown}
 C - a scroll of poison {unknown}
Potions
 b - 2 potions of magic
 k - 3 potions of curing {unknown}
 s - a potion of might {unknown}
 w - a potion of invisibility {unknown}
 x - a potion of degeneration {unknown}
 z - a potion of haste {unknown}
 A - a potion of cancellation {unknown}
 D - a potion of berserk rage {unknown}


   Skills:
 * Level 2.2 Fighting
 + Level 2.4 Short Blades
 * Level 2.1 Armour
 + Level 2.3 Dodging
 - Level 1.8 Stealth
 * Level 4.2 Spellcasting
 * Level 6.9 Necromancy
 * Level 2.5 Evocations


You had 13 spell levels left.
You knew the following spells:

 Your Spells              Type           Power      Damage    Failure   Level
a - Necrotise             Necr           100%       1d9       1%          1

Your spell library contained the following spells:

 Spells                   Type           Power      Damage    Failure   Level
 Vampiric Draining        Necr           28%        2d8       2%          3
 Animate Dead             Necr           28%        N/A       9%          4
 Agony                    Necr           28%        N/A       22%         5
 Call Canine Familiar     Summ           3%         N/A       41%         3
 Portal Projectile        Hex/Tloc       6%         N/A       41%         3
 Leda's Liquefaction      Hex/Erth       1%         N/A       82%         4


Dungeon Overview and Level Annotations

Branches:
Dungeon (6/15)
 Temple: D:4-7

Altars:
Ashenzari
Dithmenos
Kikubaaqudgha
Qazlal

Shops:
D:5 ***=!

Annotations:
D:5 Menkaure


Innate Abilities, Weirdness & Mutations

You are partially covered in slimy green scales. (AC +2)
You sometimes gain a little power by taking damage.
You have a tail ending in a sharp stinger.


Message History

The gnoll sergeant hits you with a +0 spear!
You hit the gnoll sergeant.
The gnoll sergeant is heavily wounded.
The gnoll sergeant hits you but does no damage.
You hit the gnoll sergeant.
The gnoll sergeant is severely wounded.
The gnoll sergeant completely misses you.
You hit the gnoll sergeant but do no damage.
The gnoll sergeant is severely wounded.
The gnoll sergeant hits you with a +0 spear!
You hit the gnoll sergeant but do no damage.
The gnoll sergeant is severely wounded.
The gnoll sergeant closely misses you.
The gnoll sergeant hits you with a +0 spear!
You barely miss the gnoll sergeant. The gnoll sergeant blocks your attack.
You punch the gnoll sergeant, but do no damage.
The gnoll sergeant is severely wounded.
The gnoll sergeant barely misses you. The gnoll sergeant blocks your attack.
The gnoll sergeant is severely wounded.
The gnoll sergeant hits you with a +0 spear!
* * * LOW HITPOINT WARNING * * *
You barely miss the gnoll sergeant.
You tail-slap the gnoll sergeant, but do no damage.
The gnoll sergeant is severely wounded.
The gnoll sergeant hits you with a +0 spear!
* * * LOW HITPOINT WARNING * * *
You hit the gnoll sergeant.
The gnoll sergeant is severely wounded.
The gnoll sergeant hits you with a +0 spear.
* * * LOW HITPOINT WARNING * * *
Casting: Necrotise (safe; 1% risk of failure)
Confirm with . or Enter, or press ? or * to list all spells.
Aiming: Necrotise (safe; 1% risk of failure)
Press: ? - help, Shift-Dir - straight line, f/p - gnoll sergeant
Aim: a gnoll sergeant, wielding a +0 spear, wearing a +0 scale mail and wearing a +0 kite shield (severely wounded, chance to affect: 83%)
The gnoll sergeant writhes in agony!
The gnoll sergeant hits you with a +0 spear!
You die...
Kikubaaqudgha rasps: "You have failed me!
Welcome... death!"

..♣.♣÷.####.##.## #....#
_.♣.♣....##.##.## #.####
..♣.♣..#........###.########
....♣..#.....#..#..........#
♣♣♣.♣..#...........#.#####.####
......##....#.....<#.#####....#
#....###....##.#.#.#.......####
#...## #.....#.#.#....###....#
##### #........@g....#...##.#
#.....###........#..#.# #####.#
#.#.....[#....# #.#
#......>....### #.#
###...####### #.# #...# #.#
#...# #.# ###...# #.###≈≈≈..#


You could see a gnoll sergeant.

Vanquished Creatures
  An ice beast (D:5)
  2 black bears (D:5)
  An ogre (D:5)
  A phantom (D:2)
  2 scorpions (D:5)
  3 hounds (D:5)
  Jessica (D:2)
  An iguana (D:5)
  2 adders (D:4)
  2 white imps (D:5)
  2 worms
  3 dart slugs
  4 orcs
  10 ball pythons
  12 endoplasms
  6 giant cockroaches
  12 goblins
  11 hobgoblins
  9 jackals
  3 quokkas
  6 bats
  3 frilled lizards
  12 kobolds
  7 rats
116 creatures vanquished.

Vanquished Creatures (collateral kills)
  An endoplasm (D:3)
  A quokka (D:1)
  2 goblins
4 creatures vanquished.

Grand Total: 120 creatures vanquished

Notes
Turn   | Place    | Note
-------+----------+-------------------------------------------
     0 | D:1      | acebull12 the Demonspawn Necromancer began the quest for
                  | the Orb.
     0 | D:1      | Reached XP level 1. HP: 13/13 MP: 3/3
   238 | D:1      | Gained mutation: You sometimes gain a little power by
                  | taking damage. [demonic ancestry]
   238 | D:1      | Reached XP level 2. HP: 19/19 MP: 1/5
   480 | D:1      | Reached skill level 5 in Necromancy
   832 | D:2      | Reached XP level 3. HP: 24/24 MP: 2/6
   917 | D:2      | Found a shadowy altar of Dithmenos.
  1249 | D:2      | Noticed Jessica
  1257 | D:2      | Killed Jessica
  1258 | D:2      | Gained mutation: You have a small tail. [demonic ancestry]
  1258 | D:2      | Reached XP level 4. HP: 17/30 MP: 7/7
  1652 | D:2      | Identified the +3 hand axe "Joci" {heavy, Will+ Str+2}
  1984 | D:2      | Identified the +1 chain mail of Nusay {*Corrode rF- Will++
                  | Int+2}
  2333 | D:3      | Found a broken altar of Ashenzari.
  2338 | D:3      | Reached skill level 1 in Evocations
  2483 | D:3      | Found a stormy altar of Qazlal.
  2781 | D:3      | Noticed a phantom
  2869 | D:2      | Killed a phantom
  2870 | D:2      | Reached skill level 1 in Armour
  2870 | D:2      | Reached XP level 5. HP: 17/36 MP: 8/10
  3527 | D:4      | Reached skill level 1 in Short Blades
  3760 | D:4      | Reached skill level 6 in Necromancy
  3982 | D:5      | Entered Level 5 of the Dungeon
  4015 | D:5      | Reached skill level 1 in Fighting
  4015 | D:5      | Gained mutation: You have a tail ending in a sharp stinger.
                  | [demonic ancestry]
  4015 | D:5      | Reached XP level 6. HP: 43/43 MP: 7/11
  4050 | D:5      | Found Peukk's Assorted Antiques.
  4053 | D:5      | Found Eskuum Unal's Assorted Antiques.
  4202 | D:5      | Noticed an ice beast
  4295 | D:5      | Found Couleud's Jewellery Shop.
  4396 | D:5      | Found Fyghasa's Distillery.
  4417 | D:5      | Gained mutation: You are partially covered in slimy green
                  | scales. (AC +2) [demonic ancestry]
  4417 | D:5      | Reached XP level 7. HP: 22/48 MP: 10/12
  4583 | D:5      | Found an ancient bone altar of Kikubaaqudgha.
  4612 | D:5      | Became a worshipper of Kikubaaqudgha
  4889 | D:5      | Found Pingeac's Assorted Antiques.
  5001 | D:5      | Noticed Menkaure
  5381 | D:5      | HP: 2/50 [gnoll sergeant/+0 spear (1)]
  5382 | D:5      | Mangled by a gnoll sergeant

Illustrated notes

Levels and vault maps discovered:
D:1:      saegor_arrival_simple_a, layout_basic, dreamdust_princess_bridge
D:2:      minmay_thinvault, layout_rooms, basic_altar, corexii_shack,
          uniq_jessica
D:3:      layout_loops_ring, nicolae_overflow_hidden_temple,
          nicolae_tso_swordbearing_angel, mainiacjoe_overflow_brackets
D:4:      layout_rooms
D:5:      layout_basic, mainiacjoe_overflow_cross_hatched, serial_shops, shop,
          shop, nicolae_shop_crystal, nicolae_shop_waterfront,
          nicolae_shop_window_shopping, uniq_menkaure
D:6:      layout_basic, minmay_between

Skill      XL: |  1  2  3  4  5  6  7 |
---------------+----------------------+-----
Necromancy     | 5 6 |  6.9
Evocations     | 1 2 |  2.5
Spellcasting   | 3 4 |  4.2
Armour         | 1 2 |  2.1
Short Blades   | 1 2 |  2.4
Fighting       | 1 2 |  2.2
Dodging        | 2 |  2.3
Stealth        | |  1.8

Action                   |  1- 3 |  4- 6 |  7- 9 || total
-------------------------+-------+-------+-------++-------
Melee: Rapier            |    31 |   112 |    67 ||   210
       Unarmed           |     4 |       |       ||     4
       Tailslap          |       |    18 |    11 ||    29
       Punch             |       |     1 |     1 ||     2
 Cast: Necrotise         |    45 |    86 |    16 ||   147
  Use: Potion            |       |     2 |       ||     2
 Stab: Distracted        |     1 |       |       ||     1
       Sleeping          |     1 |       |       ||     1
Armor: Robe              |     9 |    43 |    16 ||    68
       Skin              |       |    11 |       ||    11
Dodge: Dodged            |    24 |    68 |    38 ||   130

Table legend: (Time is in decaauts)
 A = Elapsed time spent in this place.
 B = Non-inter-level travel time spent in this place.
 C = Inter-level travel time spent in this place.
 D = Time resting spent in this place.
 E = Time spent auto-exploring this place.
 F = Levels seen in this place.
 G = Mean time per level.
                   A        B        C        D        E       F      G
               +--------+--------+--------+--------+--------+-----+--------+
         Total |   5417 |   5093 |    324 |    694 |   3359 |   6 |  902.8 |
       Dungeon |   5417 |   5093 |    324 |    694 |   3359 |   6 |  902.8 |
               +--------+--------+--------+--------+--------+-----+--------+

Top non-repeatable levels by time:
     D:2: 1424 daAuts
     D:3: 1142 daAuts
     D:5: 1121 daAuts
     D:1: 867 daAuts
     D:4: 857 daAuts
     D:6: 3 daAuts
